 Dungeon Crawl Stone Soup version 0.23.1 (webtiles) character file.

Game seed: 5361354744705873071

31695 Devinter the Impaler (level 13, -2/92 HPs)
             Began as a Merfolk Gladiator on Mar 7, 2019.
             Was a High Priest of Hepliaklqana.
             Slain by a manticore (8 damage)
             ... on level 6 of the Lair of Beasts.
             The game lasted 01:33:09 (13302 turns).

Devinter the Impaler (Merfolk Gladiator)           Turns: 13302, Time: 01:33:09

Health: -2/92      AC: 15    Str: 16    XL:     13   Next: 59%
Magic:  18/18      EV: 22    Int:  5    God:    Hepliaklqana [*****.]
Gold:   828        SH:  0    Dex: 27    Spells: 12/12 levels left

rFire    . . .     SeeInvis .   U - +8 spear
rCold    + . .     Gourm    .   (no shield)
rNeg     . . .     Faith    .   a - +2 chain mail of the Armadillo {rCorr Int-3 Slay+6 Stlth+}
rPois    .         Spirit   .   c - +0 helmet
rElec    .         Reflect  .   (no cloak)
rCorr    +         Harm     .   R - +0 pair of gloves
MR       .....                  O - +0 pair of boots
Stlth    +.........             i - amulet of the acrobat
HPRegen  0.25/turn              g - +4 ring of dexterity
MPRegen  0.16/turn              h - ring of protection from cold

@: agile, about to teleport, barbed spikes, studying Unarmed Combat
A: change form in water, swift swim, stealthy swim, reduced essence
a: Recall Ancestor, Ancestor Identity, Transference, Idealise, Renounce Religion


You were on level 6 of the Lair of Beasts.
You worshipped Hepliaklqana.
Hepliaklqana was extremely pleased with you.
You were not hungry.

You visited 2 branches of the dungeon, and saw 14 of its levels.

You collected 966 gold pieces.
You spent 138 gold pieces at shops.

Inventory:

Hand Weapons
 A - a +0 blowgun
 U - a +8 spear (weapon)
Missiles
 d - 3 throwing nets (quivered)
 e - 208 stones
 p - 35 bolts
 s - 11 needles of confusion
 y - 4 curare-tipped needles
 G - 38 poisoned needles
 I - 48 sling bullets
 L - 5 tomahawks
 W - 2 javelins
Armour
 a - the +2 chain mail of the Armadillo (worn) {rCorr Int-3 Slay+6 Stlth+}
   (You found it on level 6 of the Dungeon)

   It affects your intelligence (-3).
   It affects your accuracy and damage with ranged weapons and melee attacks
   (+6).
   It provides partial protection from all sources of acid and corrosion.
   It makes you more stealthy.
 c - a +0 helmet (worn)
 J - a +0 shield
 O - a +0 pair of boots (worn)
 R - a +0 pair of gloves (worn)
Jewellery
 g - a +4 ring of dexterity (left hand)
 h - a ring of protection from cold (right hand)
 i - an amulet of the acrobat (around neck)
 T - an uncursed amulet of rage
Wands
 b - a wand of digging (12)
 m - a wand of clouds (6)
 F - a wand of polymorph (14)
 K - a wand of iceblast (11)
 N - a wand of flame (67)
 Y - a wand of paralysis (10)
 Z - a wand of scattershot (1)
Scrolls
 k - 2 scrolls of teleportation
 q - a scroll of magic mapping
 w - 6 scrolls of remove curse
 E - 4 scrolls of blinking
 P - a scroll of identify
 Q - a scroll of amnesia
 S - a scroll of fear
 V - a scroll of enchant armour
Potions
 j - 3 potions of agility
 l - 4 potions of haste {unknown}
 n - a potion of cancellation {unknown}
 o - a potion of ambrosia {unknown}
 r - 7 potions of curing
 t - 2 potions of might
 u - 5 potions of degeneration {unknown}
 v - 4 potions of lignification {unknown}
 x - 2 potions of flight {unknown}
 z - a potion of berserk rage {unknown}
 C - 3 potions of brilliance {unknown}
 D - a potion of magic {unknown}
 M - 8 potions of heal wounds {unknown}
Books
 H - a manual of Unarmed Combat
Comestibles
 f - 27 rations


   Skills:
 + Level 10.2 Fighting
 * Level 16.6 Polearms
 - Level 2.0 Throwing
 - Level 5.0 Armour
 * Level 14.3 Dodging
 + Level 12.2 Unarmed Combat
 * Level 6.9 Invocations
 - Level 5.0 Evocations


You had 12 spell levels left.
You didn't know any spells.
Your spell library contained the following spells:

 Spells                   Type           Power        Failure   Level  Hunger
 Confusing Touch          Hex            #.....       100%        1    ##.....
 Confuse                  Hex            #.......     100%        3    ####...
 Gell's Gravitas          Tloc           #.........   100%        3    ####...
 Petrify                  Tmut/Erth      #.......     100%        4    #####..
 Summon Lightning Spire   Summ/Air       #.......     100%        4    #####..
 Metabolic Englaciation   Hex/Ice        #.........   100%        5    ######.
 Silence                  Hex/Air        #.........   100%        5    ######.
 Yara's Violent Unravell  Hex/Tmut       #.........   100%        5    ######.
 Conjure Ball Lightning   Conj/Air       #.........   100%        6    #######
 Deflect Missiles         Chrm/Air       #.........   100%        6    #######
 Tornado                  Air            #.........   100%        9    #######


Dungeon Overview and Level Annotations

Branches:
Dungeon (8/15)             Temple (0/1) D:6            Lair (6/6) D:8
  Swamp (0/4) Lair:3        Snake (0/4) Lair:2        Slime (0/5) Lair:6

Altars:
Ashenzari
Fedhas
Hepliaklqana
Makhleb
Okawaru
Qazlal
Trog
Zin

Shops:
D:6 (   D:8 }

Annotations:
Lair:1 exclusion: oklob plant


Message History

You closely miss the manticore. The manticore bites you!
* * * LOW HITPOINT WARNING * * *
The manticore misses you. x2; The yak closely misses you.
You hit the manticore.
The manticore is lightly wounded.
The death yak gores you!
* * * LOW HITPOINT WARNING * * *
You puncture the manticore!
The manticore is moderately wounded.
The manticore closely misses you.
The manticore claws you but does no damage.
The manticore claws you!
* * * LOW HITPOINT WARNING * * *
The yak gores you but does no damage.
It was a potion of agility.
You feel agile all of a sudden. The death yak gores you.
* * * LOW HITPOINT WARNING * * *
The yak closely misses you. The manticore bites you!
You die...

..........# *,,YY##.,,*** ###.,**
.........## **,,....*** ##..,**
..PP#.P...# *,,**...#* ##..#**
..PP.....## ******#..## #..H##
.PPP.....# ### *#..# ##...#
.........# ##.### *#.###.Y.##
#........# ##....####....§Y§.#*
P......P.###.....H##P...†###YY#**
......##..###...@Y.#...### ##YY#*
.........## #..##Y††..##


*YYY. #.#....### #...###†### *##.8 ###...## ##...####### **,.. ##....##
##...###P.# *,,,. ###....# ##÷....P#* ****. P##....# ###......### ** P......#
##...8......### [.....### #........8....####### You could see a death yak, a
manticore and a yak.

Vanquished Creatures
  Kirke (Lair:5)
  Josephine (Lair:5)
  Harold (D:8)
  5 hydras
  2 catoblepae (Lair:6)
  4 death yaks (Lair:6)
  A manticore (Lair:6)
  2 black mambas
  9 spiny frogs
  A rime drake (Lair:6)
  6 komodo dragons
  A polar bear (Lair:4)
  3 blink frogs (Lair:4)
  7 hippogriffs
  Sigmund (D:3)
  29 yaks
  3 wraiths (Lair:5)
  A basilisk (Lair:3)
  3 hogs (Lair:5)
  A hungry ghost (D:8)
  4 nagas (Lair:2)
  10 water moccasins
  5 porcupines
  An orc warrior (D:8)
  An ice beast (D:8)
  A black bear (D:6)
  3 wolves (Lair:1)
  A necrophage (D:8)
  2 phantoms
  5 ogres
  3 centaurs
  8 crocodiles
  A big kobold (D:8)
  10 bullfrogs
  2 scorpions
  4 electric eels
  4 crimson imps
  4 hounds
  A bullfrog zombie (D:8)
  A centaur zombie (D:5)
  6 orc priests
  2 centaur skeletons
  2 jellies
  Jessica (D:3)
  Terence (D:3)
  3 iguanas
  7 orc wizards
  A worker ant (D:5)
  A killer bee zombie (D:6)
  A hound zombie (D:6)
  5 adders
  4 shadow imps
  4 oozes (D:1)
  2 worms
  2 dart slugs
  6 leopard geckos
  27 orcs
  9 bats
  8 giant cockroaches
  8 hobgoblins
  10 jackals
  2 quokkas
  3 ball pythons
  4 frilled lizards
  9 goblins
  7 kobolds
  A quokka zombie (D:7)
  6 rats
  A plant (Lair:5)
296 creatures vanquished.

Vanquished Creatures (collateral kills)
  2 death yaks (Lair:6)
  A komodo dragon (Lair:1)
  2 yaks
  A basilisk (Lair:5)
  2 nagas (Lair:2)
  A swamp drake (Lair:3)
  A water moccasin (Lair:6)
  A porcupine (Lair:4)
  3 crocodiles
  A bullfrog (Lair:1)
  An electric eel (Lair:5)
  An orc priest (D:8)
  A jelly (D:7)
  A quasit (D:7)
  An orc (D:8)
20 creatures vanquished.

Vanquished Creatures (others)
  An electric eel (Lair:5)
  10 hexers
  13 fungi
  12 plants
36 creatures vanquished.

Grand Total: 352 creatures vanquished

Notes
Turn   | Place    | Note
-------+----------+-------------------------------------------
     0 | D:1      | Devinter the Merfolk Gladiator began the quest for the Orb.
     0 | D:1      | Reached XP level 1. HP: 16/16 MP: 1/1
     1 | D:1      | Found a runed translucent door.
   232 | D:1      | Reached XP level 2. HP: 23/23 MP: 2/2
   332 | D:1      | Reached skill level 5 in Polearms
   784 | D:1      | Reached XP level 3. HP: 28/28 MP: 3/3
   826 | D:1      | Reached XP level 4. HP: 18/34 MP: 4/4
   998 | D:2      | Reached skill level 3 in Fighting
   998 | D:2      | Reached skill level 6 in Polearms
  1520 | D:2      | Found a blossoming altar of Fedhas.
  1728 | D:3      | Reached skill level 5 in Dodging
  1728 | D:3      | Reached XP level 5. HP: 34/41 MP: 5/5
  1789 | D:3      | Noticed Sigmund
  1810 | D:3      | Noticed Terence
  1855 | D:3      | Killed Terence
  1860 | D:3      | Noticed Jessica
  1870 | D:3      | Killed Jessica
  1870 | D:3      | Reached skill level 7 in Polearms
  2273 | D:3      | Found a blossoming altar of Fedhas.
  2550 | D:3      | Killed Sigmund
  2550 | D:3      | Reached skill level 4 in Fighting
  2550 | D:3      | Reached skill level 8 in Polearms
  2550 | D:3      | Reached XP level 6. HP: 14/48 MP: 6/6
  2798 | D:4      | Found a transporter.
  2895 | D:4      | Reached skill level 6 in Dodging
  2981 | D:4      | Reached XP level 7. HP: 46/54 MP: 7/7
  3055 | D:4      | Found a stormy altar of Qazlal.
  3423 | D:4      | Reached skill level 9 in Polearms
  3423 | D:4      | Reached skill level 1 in Unarmed Combat
  3608 | D:4      | Found a transporter.
  4062 | D:4      | Reached skill level 5 in Fighting
  4066 | D:4      | Reached skill level 2 in Unarmed Combat
  4144 | D:5      | Entered Level 5 of the Dungeon
  4164 | D:5      | Reached skill level 7 in Dodging
  4184 | D:5      | Reached XP level 8. HP: 62/62 MP: 8/8
  4188 | D:5      | Reached skill level 3 in Unarmed Combat
  4530 | D:5      | Reached skill level 10 in Polearms
  4874 | D:5      | Noticed a hippogriff
  4893 | D:5      | Killed a hippogriff
  4893 | D:5      | Reached skill level 8 in Dodging
  4893 | D:5      | Reached skill level 4 in Unarmed Combat
  4933 | D:5      | Found a hazy altar of Hepliaklqana.
  4949 | D:5      | Became a worshipper of Hepliaklqana the Forgotten
  5198 | D:6      | Reached skill level 5 in Unarmed Combat
  5236 | D:6      | Found Zykol's Antique Weapon Shoppe.
  5244 | D:6      | Bought a runed spear for 138 gold pieces
  5284 | D:6      | Got an ichor-stained chain mail
  5289 | D:6      | Identified the +2 chain mail of the Armadillo {rCorr Int-3
                  | Slay+6 Stlth+} (You found it on level 6 of the Dungeon)
  5313 | D:6      | Reached skill level 9 in Dodging
  5336 | D:6      | Reached XP level 9. HP: 61/62 MP: 9/9
  5454 | D:6      | Found a staircase to the Ecumenical Temple.
  5457 | D:6      | Reached skill level 1 in Armour
  5474 | D:6      | Found a shattered altar of Ashenzari.
  5513 | D:6      | Reached * piety under Hepliaklqana
  5758 | D:7      | Reached skill level 6 in Fighting
  5833 | D:7      | Reached skill level 6 in Unarmed Combat
  5859 | D:7      | Found a bloodstained altar of Trog.
  5945 | D:7      | Found a glowing silver altar of Zin.
  6015 | D:7      | Found an iron altar of Okawaru.
  6082 | D:7      | Reached skill level 11 in Polearms
  6413 | D:7      | Found a burning altar of Makhleb.
  6514 | D:8      | Reached skill level 10 in Dodging
  6515 | D:8      | Found Hela Pass's Gadget Shop.
  6528 | D:8      | Reached skill level 2 in Armour
  6637 | D:8      | Reached ** piety under Hepliaklqana
  6638 | D:8      | Remembered your ancestor Alexzandra as a hexer
  6666 | D:8      | Reached skill level 7 in Fighting
  6666 | D:8      | Reached skill level 7 in Unarmed Combat
  6724 | D:8      | Found a staircase to the Lair.
  6784 | D:8      | Reached XP level 10. HP: 63/71 MP: 10/10
  6847 | D:8      | Noticed Harold
  6857 | D:8      | Killed Harold
  6857 | D:8      | Reached skill level 12 in Polearms
  6857 | D:8      | Reached skill level 3 in Armour
  7041 | Lair:1   | Entered Level 1 of the Lair of Beasts
  7060 | Lair:1   | Noticed an oklob plant
  7084 | Lair:1   | Reached skill level 8 in Fighting
  7084 | Lair:1   | Reached skill level 8 in Unarmed Combat
  7158 | Lair:1   | Reached skill level 4 in Armour
  7320 | Lair:1   | Noticed a spiny frog
  7334 | Lair:1   | Killed a spiny frog
  7334 | Lair:1   | Reached skill level 13 in Polearms
  7341 | Lair:1   | Noticed a spiny frog
  7347 | Lair:1   | Killed a spiny frog
  7347 | Lair:1   | Reached XP level 11. HP: 72/78 MP: 11/11
  7392 | Lair:1   | Reached *** piety under Hepliaklqana
  7547 | Lair:1   | Reached skill level 9 in Fighting
  7704 | Lair:1   | Reached skill level 9 in Unarmed Combat
  7969 | Lair:2   | Noticed a five-headed hydra
  7994 | Lair:2   | Killed a five-headed hydra
  7994 | Lair:2   | Reached skill level 11 in Dodging
  8025 | Lair:2   | Reached skill level 5 in Armour
  8582 | Lair:2   | Found a staircase to the Snake Pit.
  8638 | Lair:2   | Reached skill level 14 in Polearms
  8983 | Lair:3   | Noticed a five-headed hydra
  8997 | Lair:3   | Killed a five-headed hydra
  8997 | Lair:3   | Reached skill level 10 in Fighting
  9149 | Lair:3   | Noticed a four-headed hydra
  9150 | Lair:3   | Reached **** piety under Hepliaklqana
  9171 | Lair:3   | Killed a four-headed hydra
  9171 | Lair:3   | Reached skill level 12 in Dodging
  9171 | Lair:3   | Reached skill level 10 in Unarmed Combat
  9171 | Lair:3   | Reached skill level 1 in Invocations
  9338 | Lair:3   | Reached XP level 12. HP: 69/87 MP: 13/13
  9461 | Lair:3   | Reached skill level 2 in Invocations
  9683 | Lair:3   | Found a staircase to the Swamp.
  9783 | Lair:3   | Noticed a six-headed hydra
  9793 | Lair:3   | Killed a six-headed hydra
  9994 | Lair:4   | Reached skill level 15 in Polearms
 10067 | Lair:4   | Reached skill level 3 in Invocations
 10067 | Lair:4   | Reached skill level 1 in Evocations
 10247 | Lair:4   | Reached skill level 11 in Unarmed Combat
 10270 | Lair:4   | Noticed a six-headed hydra
 10280 | Lair:4   | Killed a six-headed hydra
 10280 | Lair:4   | Reached skill level 13 in Dodging
 10280 | Lair:4   | Reached skill level 2 in Evocations
 10300 | Lair:4   | Reached skill level 4 in Invocations
 10907 | Lair:5   | Noticed Kirke
 10924 | Lair:5   | Killed Kirke
 10924 | Lair:5   | Reached skill level 3 in Evocations
 11206 | Lair:5   | Reached skill level 5 in Invocations
 11291 | Lair:5   | Noticed Josephine
 11314 | Lair:5   | Killed Josephine
 11314 | Lair:5   | Reached skill level 4 in Evocations
 11314 | Lair:5   | Reached XP level 13. HP: 76/92 MP: 15/17
 11364 | Lair:5   | Reached ***** piety under Hepliaklqana
 11859 | Lair:6   | Entered Level 6 of the Lair of Beasts
 11873 | Lair:6   | Reached skill level 16 in Polearms
 11915 | Lair:6   | Found a staircase to the Slime Pits.
 12710 | Lair:6   | Reached skill level 6 in Invocations
 12934 | Lair:6   | Reached skill level 14 in Dodging
 13174 | Lair:6   | Reached skill level 12 in Unarmed Combat
 13174 | Lair:6   | Reached skill level 5 in Evocations
 13302 | Lair:6   | HP: 6/92 [death yak (6)]
 13302 | Lair:6   | Slain by a manticore

Skill      XL: |  1  2  3  4  5  6  7  8  9 10 11 12 13 |
---------------+----------------------------------------+-----
Polearms       | 5 6 8 9 10 11 13 14 15 16 | 16.6
Fighting       | 3 4 5 7 8 10 | 10.2
Dodging        | 5 6 7 9 10 12 13 14 | 14.3
Unarmed Combat | 2 5 7 8 10 11 12 | 12.2
Armour         | 2 4 5 |  5.0
Invocations    | 1 5 6 |  6.9
Evocations     | 4 5 |  5.0
Throwing       | |  2.0

Action                   |  1- 3 |  4- 6 |  7- 9 | 10-12 | 13-15 || total
-------------------------+-------+-------+-------+-------+-------++-------
Melee: Trident           |    95 |   140 |   257 |       |       ||   492
       Unarmed           |       |    27 |       |       |       ||    27
       Spear             |       |       |   129 |   510 |   214 ||   853
       Punch             |       |       |     5 |    19 |    12 ||    36
       Tailslap          |       |       |       |     3 |       ||     3
 Fire: Blowgun           |       |     2 |       |    10 |       ||    12
Throw: Tomahawk          |       |       |     7 |       |       ||     7
       Throwing net      |       |       |     2 |     1 |     1 ||     4
Invok: Ancestor Life: He |       |       |     1 |       |       ||     1
       Ancestor Identity |       |       |     1 |       |       ||     1
       Transference      |       |       |       |       |     1 ||     1
Evoke: Wand              |       |       |     6 |     1 |     3 ||    10
  Use: Potion            |       |       |     1 |       |     1 ||     2
       Scroll            |       |       |     8 |     7 |     4 ||    19
 Stab: Sleeping          |     1 |     2 |     4 |       |       ||     7
       Distracted        |       |     1 |     2 |     4 |     2 ||     9
       Held in net/web   |       |       |     5 |     1 |     1 ||     7
       Confused          |       |       |       |     6 |     2 ||     8
       Petrified         |       |       |       |       |     8 ||     8
       Petrifying        |       |       |       |       |     2 ||     2
  Eat: Chunk             |       |     6 |    14 |    14 |     6 ||    40
Armor: Leather armour    |    14 |    15 |    29 |       |       ||    58
       Chain mail        |       |       |    20 |    77 |    34 ||   131
Dodge: Dodged            |    56 |    83 |   203 |   125 |    71 ||   538
